 Dungeon Crawl Stone Soup version 0.30-a0-743-gbfdf073431 (webtiles) character file.

Game seed: 17652383562627970566

2780 jimonade the Thaumaturge (level 10, -1/65 HPs)
             Began as a Djinni Venom Mage on Feb 8, 2023.
             Was an Initiate of Ashenzari.
             Slain by a yak (5 damage)
             ... on level 8 of the Dungeon.
             The game lasted 00:17:53 (6953 turns).

jimonade the Thaumaturge (Djinni Venom Mage)        Turns: 6953, Time: 00:17:54

Health: -1/65      AC:  2    Str:  9    XL:     10   Next: 1%
Gold:   552        EV: 22    Int: 20    God:    Ashenzari [......] SH:  0 Dex: 24

rFire   . . .      SeeInvis .      - Unarmed
rCold   + . .      Faith    .    (shield currently unavailable)
rNeg    . . .      Spirit   .    (body armour currently unavailable)
rPois   ∞          Reflect  .    (helmet currently unavailable)
rElec   .          Harm     .    (cloak currently unavailable)
rCorr   .          Rampage  .    (gloves currently unavailable)
Will    +....                    (boots unavailable)
Stlth   ++                       o - amulet of regeneration
HPRegen 1.10/turn                G - +6 ring of dexterity
MPRegen 0.00/turn                O - ring of protection from cold

@: spider-form, radiating poison, flying
A: venomous fangs, flying, sickness immunity, tiny, (fire resistance 2), (cold
vulnerability 1), float, innate caster, HP casting, extra vitality 1
a: End Transformation, Renounce Religion, Shatter the Chains


You were on level 8 of the Dungeon.
You worshipped Ashenzari.
Ashenzari was noncommittal.
You were a venomous arachnid creature.
You visited 2 branches of the dungeon, and saw 9 of its levels.

You collected 552 gold pieces.

Inventory:

Hand Weapons
 a - a +2 dagger of freezing (melded)
 b - a +0 sling
 f - a +0 dagger
 j - a +0 heavy hand axe
 S - a +0 shortbow
 V - a +2 great sword
 W - a +3 short sword
Missiles
 L - a throwing net
Armour
 c - a +0 robe
 i - a +0 leather armour
 n - a +0 ring mail
 t - the cursed +0 cloak of Ashenzari's Malaise (melded) {Evo, Fort}
   (You found it on level 4 of the Dungeon)

   It has a curse which improves the following skills: Evocations: Evocations.
   Fortitude: Armour and Shields.
 z - a +0 pair of gloves
 H - a +1 pair of gloves (melded)
 I - a +0 robe of fire resistance
 M - +0 swamp dragon scales (melded)
Magical Staves
 N - a staff of earth
Jewellery
 o - an amulet of regeneration (around neck)
 G - a +6 ring of dexterity (left front pincers)
 O - a ring of protection from cold (right front pincers)
 Q - a +6 ring of strength
 U - a ring of willpower
Wands
 k - a wand of roots (6)
 q - a wand of charming (15)
 J - a wand of polymorph (10)
 K - a wand of mindburst (59)
Scrolls
 e - 5 scrolls of identify {unknown}
 p - 5 scrolls of enchant weapon {unknown}
 u - a scroll of poison {unknown}
 v - a scroll of blinking {unknown}
 w - 2 scrolls of silence {unknown}
 y - 2 scrolls of teleportation {unknown}
 B - a scroll of enchant armour {unknown}
 C - 2 scrolls of fog {unknown}
 D - a scroll of noise {unknown}
 E - 3 scrolls of amnesia {unknown}
 F - 2 scrolls of brand weapon {unknown}
 R - a scroll of fear {unknown}
 T - a scroll of immolation {unknown}
Potions
 d - 2 potions of heal wounds {unknown}
 g - a potion of magic
 h - 3 potions of flight {unknown}
 l - a potion of degeneration {unknown}
 m - 2 potions of attraction {unknown}
 r - a potion of cancellation {unknown}
 s - 3 potions of curing {unknown}
 x - a potion of mutation {unknown}
 A - a potion of brilliance {unknown}
 P - a potion of might {unknown}


   Skills:
 * Level 2.7 Fighting
 + Level 2.3 Armour
 + Level 3.8 Dodging
 - Level 1.5 Stealth
 + Level 1.4 Unarmed Combat
 + Level 9.5 Spellcasting


You had 10 spell levels left.
You knew the following spells:

 Your Spells              Type           Power      Damage    Failure   Level
a - Sting                 Tmut/Pois      100%       1d8       1%          1
b - Poisonous Vapours     Pois/Air       94%        N/A       2%          2
c - Mephitic Cloud        Conj/Pois/Air  47%        N/A       3%          3
d - Olgreb's Toxic Radia  Pois           47%        N/A       6%          4
e - Foxfire               Conj/Fire      100%       2x1d9     1%          1
f - Static Discharge      Conj/Air       94%        2-6/arc   2%          2
g - Wereblood             Tmut           47%        N/A       2%          2
h - Spider Form           Tmut/Pois      47%        N/A       3%          3
Your spell library was empty.

Dungeon Overview and Level Annotations

Branches:
Dungeon (8/15)             Temple (1/1) D:6
   Lair: D:8-11

Altars:
Ashenzari
Cheibriados
Dithmenos
Elyvilon
Fedhas
Gozag
Hepliaklqana
Makhleb
Nemelex Xobeh
Okawaru
Qazlal
Ru
Trog
Uskayaw
Wu Jian
Xom
Yredelemnul
The Shining One

Shops:
D:7 (

Annotations:
D:6 Menkaure
D:8 1 transporter, Prince Ribbit


Innate Abilities, Weirdness & Mutations

You are a venomous arachnid creature.
You have venomous fangs.
You are tiny and dextrous.
You are flying.
Your spellcasting is less reliable in this form.
Your armour is entirely melded.
You are incapable of wielding weapons or throwing items.
You are immune to sickness and miasma.
You are immune to poison.
((Your flesh is very heat resistant. (rF++)))
((You are vulnerable to cold. (rC-)))
You float through the air rather than walking.
You learn spells naturally, not from books.
Your magical power is your life essence.
You have superior vitality. (+4 MHP)


Message History

Confirm with . or Enter, or press ? or * to list all spells.
You begin to radiate toxic energy.
The centaur is poisoned.
The yak is poisoned.
The yak looks as sick as possible!
The yak is poisoned.
* * * LOW HITPOINT WARNING * * *
The yak looks even sicker.
The yak completely misses you. The yak closely misses you.
Casting: Olgreb's Toxic Radiance (dangerous; 6% risk of failure)
Confirm with . or Enter, or press ? or * to list all spells.
Your toxic radiance grows in intensity.
The yak looks even sicker. x2
* * * LOW HITPOINT WARNING * * *
The centaur looks even sicker.
The yak looks as sick as possible!
The yak looks even sicker.
The yak gores you.
* * * LOW HITPOINT WARNING * * *
The yak misses you.
Casting: Olgreb's Toxic Radiance (dangerous; 6% risk of failure)
Confirm with . or Enter, or press ? or * to list all spells.
Your toxic radiance grows in intensity.
Prince Ribbit looks even sicker.
The yak looks as sick as possible! x2
* * * LOW HITPOINT WARNING * * *
Prince Ribbit looks as sick as possible!
The yak looks as sick as possible!
The yak looks even sicker.
The yak looks as sick as possible!
The yak gores you.
* * * LOW HITPOINT WARNING * * *
The yak completely misses you.
Casting: Olgreb's Toxic Radiance (dangerous; 6% risk of failure)
Confirm with . or Enter, or press ? or * to list all spells.
Your toxic radiance grows in intensity.
Prince Ribbit looks as sick as possible!
The yak looks as sick as possible!
* * * LOW HITPOINT WARNING * * *
Prince Ribbit looks as sick as possible!
The yak looks as sick as possible! x3; The yak barely misses you.
The yak completely misses you.
You barely miss the yak.
The yak is almost dead.
You kill the centaur!
The yak looks as sick as possible!
You kill the yak!
The yak gores you.
You die...

#.## ##.....## #
#.# ##...## #.#
##'## #.# #.#
#.# #.# ##
########.#...##
#Y..§..F........
#F##.#.$.....###
#s##.##...#.##
#Y##........#
.)Y...#...###
##.##Y##Y..#
#.##Y##...#
#.##Y.....# #..
###


You could see Prince Ribbit (extremely poisoned) and 3 yaks.

Vanquished Creatures
  Maggie (D:6)
  Sigmund (D:3)
  A yak (D:8)
  An ice beast (D:6)
  A black bear (D:6)
  An ogre (D:5)
  3 centaurs
  A phantom (D:4)
  A kobold brigand (D:6)
  A bullfrog (D:7)
  Blork the orc (D:6)
  4 scorpions (D:5)
  8 wights
  9 killer bees (D:8)
  A howler monkey (D:4)
  An electric eel (D:7)
  2 jellies
  4 hounds (D:5)
  2 orc priests
  Ijyb (D:2)
  An iguana (D:6)
  An orc wizard (D:7)
  7 adders
  2 shadow imps
  An ufetubus (D:6)
  6 worms
  A dart slug (D:2)
  17 orcs
  A bat (D:3)
  3 endoplasms
  5 giant cockroaches
  14 goblins
  12 hobgoblins
  10 kobolds
  4 quokkas
  11 ball pythons
  4 frilled lizards
  6 rats
151 creatures vanquished.

Vanquished Creatures (others)
  159 foxfires
  21 plants (D:7)
180 creatures vanquished.

Grand Total: 331 creatures vanquished

Notes
Turn   | Place    | Note
-------+----------+-------------------------------------------
     0 | D:1      | jimonade the Djinni Venom Mage began the quest for the Orb.
     0 | D:1      | jimonade set off with the following spells memorised:
                  | Sting, Poisonous Vapours, Mephitic Cloud, Olgreb's Toxic
                  | Radiance.
     0 | D:1      | Reached XP level 1. HP: 15/15 MP: 0/0
   161 | D:1      | Reached XP level 2. HP: 20/21 MP: 0/0
   394 | D:1      | Reached skill level 3 in Spellcasting
   795 | D:2      | Found an iron altar of Okawaru.
   802 | D:2      | Reached XP level 3. HP: 21/25 MP: 0/0
   802 | D:2      | Learned a level 1 spell: Foxfire
  1084 | D:2      | Noticed Ijyb
  1126 | D:2      | Killed Ijyb
  1127 | D:2      | Reached XP level 4. HP: 4/31 MP: 0/0
  1750 | D:2      | Reached XP level 5. HP: 22/36 MP: 0/0
  1750 | D:2      | Learned a level 2 spell: Static Discharge
  1947 | D:3      | Reached skill level 4 in Spellcasting
  2204 | D:3      | You are sucked into a shaft and drop 2 floors!
  2204 | D:5      | Entered Level 5 of the Dungeon
  2230 | D:5      | Reached XP level 6. HP: 25/41 MP: 0/0
  2264 | D:4      | Reached skill level 5 in Spellcasting
  2440 | D:3      | Noticed Sigmund
  2455 | D:3      | Killed Sigmund
  2456 | D:3      | Reached XP level 7. HP: 46/46 MP: 0/0
  2456 | D:3      | Learned a level 2 spell: Wereblood
  3212 | D:4      | Reached skill level 6 in Spellcasting
  3693 | D:5      | Reached XP level 8. HP: 50/51 MP: 0/0
  3777 | D:5      | Found a snail-covered altar of Cheibriados.
  3881 | D:5      | Reached skill level 1 in Fighting
  3913 | D:5      | Reached skill level 7 in Spellcasting
  4121 | D:5      | Found an ornate altar of the Wu Jian Council.
  4354 | D:6      | Found a shadowy altar of Dithmenos.
  4368 | D:6      | Reached skill level 8 in Spellcasting
  4437 | D:6      | Noticed Blork the orc
  4447 | D:6      | Killed Blork the orc
  4448 | D:6      | Reached XP level 9. HP: 48/57 MP: 0/0
  4448 | D:6      | Learned a level 3 spell: Spider Form
  4777 | D:6      | Found a shimmering altar of Xom.
  4777 | D:6      | Found a sacrificial altar of Ru.
  4804 | D:6      | Found a staircase to the Ecumenical Temple.
  4829 | D:6      | Noticed Menkaure
  4839 | Temple   | Entered the Ecumenical Temple
  4916 | Temple   | Became a worshipper of Ashenzari the Shackled
  5169 | D:6      | Found a hazy altar of Hepliaklqana.
  5366 | D:6      | Noticed Maggie
  5420 | D:6      | Killed Maggie
  5421 | D:6      | Reached skill level 1 in Armour
  5664 | D:7      | Found a white marble altar of Elyvilon.
  5774 | D:7      | Found Roso's Weapon Boutique.
  5785 | D:7      | Reached skill level 9 in Spellcasting
  6209 | D:7      | Found an iron altar of Okawaru.
  6576 | D:8      | Found a transporter.
  6628 | D:8      | Reached skill level 1 in Unarmed Combat
  6893 | D:8      | Reached XP level 10. HP: 49/65 MP: 0/0
  6904 | D:8      | Identified the cursed +0 cloak of Ashenzari's Malaise {Evo,
                  | Fort} (You found it on level 4 of the Dungeon)
  6930 | D:8      | Noticed Prince Ribbit
  6953 | D:8      | Slain by a yak

Illustrated notes

Levels and vault maps discovered:
D:1:      saegor_arrival_simple_e, layout_basic
D:2:      kennysheep_the_goblin_king, layout_loops_cross, basic_altar,
          guppyfry_early_orc_mine
D:3:      layout_loops_ring, minmay_door_square, uniq_sigmund
D:4:      layout_cave_pods, kennysheep_generic_room_9
D:5:      nicolae_cairo_tiling_large_dashed, layout_cave_pools,
          mainiacjoe_overflow_concentric_impassable, nzn_wu_jian_contemplation
D:6:      layout_basic, mainiacjoe_overflow_boulevard, minitemple,
          grunt_dithmenos_smoke_and_mirrors, minmay_temple_entry_tees,
          uniq_menkaure, uniq_blork_the_orc, uniq_maggie
D:7:      layout_loops_ring, nicolae_kikubaaqudgha_miasma_corner,
          mainiacjoe_overflow_chevrons, okawaru_metal_pillars_1_2, serial_shops,
          nicolae_inconvenience_store
D:8:      layout_loops_corners, nicolae_diode_stairs, uniq_prince_ribbit1
Temple:   nicolae_temple_slightly_damp_pantheon

Skill      XL: |  1  2  3  4  5  6  7  8  9 |
---------------+----------------------------+-----
Spellcasting   | 3 4 5 6 8 9 |  9.5
Fighting       | 1 2 |  2.7
Dodging        | 3 |  3.8
Armour         | 2 |  2.3
Unarmed Combat | 1 |  1.4
Stealth        | |  1.5

Action                     |  1- 3 |  4- 6 |  7- 9 | 10-12 || total
---------------------------+-------+-------+-------+-------++-------
  Melee: Dagger            |    28 |       |    25 |       ||    53
         Punch             |     1 |       |       |       ||     1
         Unarmed           |       |       |    57 |     8 ||    65
   Cast: Sting             |    54 |    98 |       |       ||   152
         Foxfire           |       |     2 |    92 |       ||    94
         Poisonous Vapours |       |       |   122 |       ||   122
         Static Discharge  |       |       |     7 |       ||     7
         Olgreb's Toxic Ra |       |       |     3 |     4 ||     7
         Spider Form       |       |       |     3 |     1 ||     4
 Invoke: Curse Item        |       |       |     1 |       ||     1
   Stab: Sleeping          |     1 |       |       |     1 ||     2
 Armour: Robe              |     7 |     6 |     8 |       ||    21
         Leather armour    |       |       |     6 |       ||     6
         Swamp dragon scal |       |       |    15 |       ||    15
  Dodge: Dodged            |    30 |    24 |   106 |    15 ||   175

Table legend: (Time is in decaauts)
 A = Elapsed time spent in this place.
 B = Non-inter-level travel time spent in this place.
 C = Inter-level travel time spent in this place.
 D = Time resting spent in this place.
 E = Time spent auto-exploring this place.
 F = Levels seen in this place.
 G = Mean time per level.
                   A        B        C        D        E       F      G
               +--------+--------+--------+--------+--------+-----+--------+
         Total |   6949 |   6619 |    330 |    282 |   4960 |   9 |  772.1 |
       Dungeon |   6743 |   6431 |    312 |    282 |   4788 |   8 |  842.9 |
        Temple |    206 |    188 |     18 |      0 |    172 |   1 |  206.0 |
               +--------+--------+--------+--------+--------+-----+--------+

Top non-repeatable levels by time:
     D:2: 1141 daAuts
     D:6: 1035 daAuts
     D:4: 991 daAuts
     D:7: 908 daAuts
     D:1: 794 daAuts
     D:5: 769 daAuts
     D:3: 633 daAuts
     D:8: 470 daAuts
  Temple: 206 daAuts
